 Dungeon Sprint DCSS version 0.27-a0-448-gace5c5693b (webtiles) character file.

Game seed: 655848340447887614

3565 mhtbhm the Cleaver (level 9, -11/89 HPs)
             Began as a Minotaur Fighter on Feb 27, 2021.
             Was the Champion of Trog.
             Mangled by Joseph
             ... wielding a +0 quarterstaff
              (12 damage)
             ... in the Dungeon (Sprint VII: "The Pits").
             The game lasted 00:01:23 (926 turns).

mhtbhm the Cleaver (Minotaur Fighter)                Turns: 926, Time: 00:01:24

Health: -11/89     AC:  8    Str: 24    XL:     9   Next: 84%
Magic:  8/8        EV: 10    Int:  5    God:    Trog [******]
Gold:   0          SH: 13    Dex: 10    Spells: 8/8 levels left

rFire    . . .     SeeInvis .   a - +2 war axe (freeze)
rCold    . . .     Faith    .   c - +0 kite shield
rNeg     . . .     Spirit   .   b - +4 chain mail
rPois    .         Reflect  .   (helmet restricted)
rElec    .         Harm     .   (no cloak)
rCorr    .         Rampage  .   (no gloves)
Will     .....     NoTele   +   (no boots)
Stlth    ..........             (no amulet)
HPRegen  0.24/turn              (no ring)
MPRegen  0.11/turn              (no ring)

@: corroded, berserk cooldown, slowed, very slow
A: retaliatory headbutt, horns 2
a: Renounce Religion, Berserk, Trog's Hand, Brothers in Arms


You were in the Dungeon.
You worshipped Trog.
Trog was exalted by your worship.
You visited 1 branch

Inventory:

Hand Weapons
 a - a +2 war axe of freezing (weapon)
Armour
 b - a +4 chain mail (worn)
 c - a +0 kite shield (worn)
Jewellery
 n - a +3 ring of intelligence
 o - a +3 ring of evasion
Wands
 m - a wand of flame (18)
Scrolls
 j - a scroll of blinking
 l - a scroll of summoning
Potions
 d - a potion of might
 e - 9 potions of curing
 f - 10 potions of heal wounds
 g - a potion of haste
 h - 4 potions of magic
 i - 5 potions of berserk rage
 k - 2 potions of invisibility


   Skills:
 + Level 11.5 Fighting
 + Level 14.8 Axes
 + Level 13.1 Armour
 + Level 4.1 Dodging
 + Level 1.6 Stealth
 + Level 14.1 Shields


You had 8 spell levels left.
You didn't know any spells.
Your spell library was empty.

Dungeon Overview and Level Annotations

Branches:
Dungeon (1/1)

Altars:
Ashenzari
Cheibriados
Dithmenos
Elyvilon
Fedhas
Gozag
Hepliaklqana
Kikubaaqudgha
Makhleb
Nemelex Xobeh
Okawaru
Qazlal
Ru
Sif Muna
Trog
Uskayaw
Vehumet
Wu Jian
Xom
Yredelemnul
Zin
The Shining One
Beogh
Jiyva
Lugonu

Annotations:
D Joseph


Innate Abilities, Weirdness & Mutations

You reflexively headbutt those who attack you in melee.
You have a pair of horns on your head.


Message History

You feel yourself slow down.
Things that are here:
a +0 club; a +0 leather armour You closely miss Joseph.
You headbutt Joseph, but do no damage.
Joseph is lightly wounded.
Joseph hits you with a +0 quarterstaff!
You barely miss Joseph. You headbutt Joseph.
Joseph is moderately wounded.
Joseph hits you with a +0 quarterstaff.
* * * LOW HITPOINT WARNING * * *
You barely miss Joseph. Your headbutt misses Joseph.
Joseph is moderately wounded.
Joseph hits you with a +0 quarterstaff.
* * * LOW HITPOINT WARNING * * *
You hit Joseph. You freeze Joseph. You headbutt Joseph.
Joseph is moderately wounded.
Joseph hits you but does no damage.
Joseph tries to grin evilly.
Joseph hits you with a +0 quarterstaff.
* * * LOW HITPOINT WARNING * * *
You hit Joseph but do no damage.
Joseph is moderately wounded.
Joseph hits you with a +0 quarterstaff!
* * * LOW HITPOINT WARNING * * *
You closely miss Joseph. Your headbutt misses Joseph.
Joseph is moderately wounded.
Joseph hits you with a +0 quarterstaff.
* * * LOW HITPOINT WARNING * * *
You hit Joseph. You freeze Joseph. Your headbutt misses Joseph.
Joseph is heavily wounded.
Joseph hits you with a +0 quarterstaff.
* * * LOW HITPOINT WARNING * * *
You barely miss Joseph. You headbutt Joseph, but do no damage.
Joseph is heavily wounded.
Joseph hits you with a +0 quarterstaff.
* * * LOW HITPOINT WARNING * * *
You slash Joseph! You freeze Joseph. Your headbutt misses Joseph.
Joseph is severely wounded.
Joseph hits you with a +0 quarterstaff!
You die...

####'#####''######
#.......##''#
#.......##..#
#.......##..# +#
#...<...##..# #.##
#.......##.)# ##...##
#.......##..####.....#
#.......##...##@.....#
##########....)[@....+
##########...##†.....#
...#..[[##..####.....#
...#..[.##..# ##...##
...'..))##..# #.##
...#..))##..# +#
...#!.))##..#
#############


You could see Joseph.

Vanquished Creatures
  An orc knight (D)
  A rust devil (D)
  A black mamba (D)
  A gargoyle (D)
  A hellwing (D)
  A demonic crawler (D)
  5 dream sheep (D)
  A water moccasin (D)
  An orc warrior (D)
  Purgy (D)
  A sky beast (D)
  A necrophage (D)
  A bullfrog (D)
  A quasit (D)
  A jelly (D)
  An orc priest (D)
  2 iron imps (D)
  Terence (D)
  2 worker ants (D)
  A white imp (D)
  An ooze (D)
  An orc (D)
  2 giant cockroaches (D)
  2 hobgoblins (D)
  3 jackals (D)
  A quokka (D)
  A ball python (D)
  A kobold (D)
  A quokka zombie (D)
  A rat (D)
40 creatures vanquished.

Notes
Turn   | Place    | Note
-------+----------+-------------------------------------------
     0 | D        | mhtbhm the Minotaur Fighter began the quest for the Orb.
     0 | D        | Reached XP level 1. HP: 19/19 MP: 0/0
    16 | D        | Found a bloodstained altar of Trog.
    16 | D        | Found a shimmering blue altar of Sif Muna.
    16 | D        | Found a viscous altar of Jiyva.
    16 | D        | Found a hazy altar of Hepliaklqana.
    16 | D        | Found an opulent altar of Gozag.
    17 | D        | Found a glowing golden altar of the Shining One.
    17 | D        | Found a glowing silver altar of Zin.
    17 | D        | Found a basalt altar of Yredelemnul.
    17 | D        | Found a shimmering altar of Xom.
    17 | D        | Found an ornate altar of the Wu Jian Council.
    17 | D        | Found a sacrificial altar of Ru.
    17 | D        | Found a stormy altar of Qazlal.
    17 | D        | Found an iron altar of Okawaru.
    17 | D        | Found a sparkling altar of Nemelex Xobeh.
    17 | D        | Found a burning altar of Makhleb.
    17 | D        | Found a blossoming altar of Fedhas.
    17 | D        | Found a white marble altar of Elyvilon.
    17 | D        | Found a shadowy altar of Dithmenos.
    17 | D        | Found a snail-covered altar of Cheibriados.
    19 | D        | Found a radiant altar of Vehumet.
    19 | D        | Found a corrupted altar of Lugonu.
    19 | D        | Found a roughly hewn altar of Beogh.
    21 | D        | Became a worshipper of Trog the Wrathful
    56 | D        | Noticed a worker ant
    60 | D        | Killed a worker ant
    61 | D        | Reached skill level 5 in Fighting
    61 | D        | Reached skill level 5 in Armour
    61 | D        | Reached skill level 5 in Shields
    61 | D        | Reached XP level 2. HP: 21/29 MP: 1/1
    71 | D        | Reached * piety under Trog
   166 | D        | Noticed a necrophage
   170 | D        | Reached ** piety under Trog
   171 | D        | Reached XP level 3. HP: 36/36 MP: 2/2
   172 | D        | Killed a necrophage
   173 | D        | Reached skill level 5 in Axes
   173 | D        | Reached XP level 4. HP: 47/47 MP: 3/3
   173 | D        | Reached XP level 5. HP: 52/52 MP: 4/4
   240 | D        | Noticed a sky beast
   241 | D        | Noticed a water moccasin
   243 | D        | Reached *** piety under Trog
   244 | D        | Reached skill level 1 in Dodging
   258 | D        | Killed a water moccasin
   259 | D        | Reached XP level 6. HP: 49/62 MP: 5/5
   267 | D        | Killed a sky beast
   267 | D        | Reached **** piety under Trog
   486 | D        | Reached ***** piety under Trog
   487 | D        | Reached skill level 10 in Armour
   489 | D        | Noticed Purgy
   495 | D        | Killed Purgy
   496 | D        | Reached XP level 7. HP: 66/70 MP: 6/6
   525 | D        | Noticed Terence
   525 | D        | Noticed a hellwing
   525 | D        | Noticed a dream sheep
   525 | D        | Noticed a dream sheep
   525 | D        | Noticed a dream sheep
   525 | D        | Noticed a dream sheep
   525 | D        | Noticed a dream sheep
   529 | D        | Killed a dream sheep
   530 | D        | Reached skill level 10 in Axes
   530 | D        | Reached skill level 10 in Shields
   532 | D        | Killed a dream sheep
   532 | D        | Killed a dream sheep
   533 | D        | Reached skill level 10 in Fighting
   533 | D        | Reached XP level 8. HP: 79/79 MP: 7/7
   534 | D        | Killed a dream sheep
   547 | D        | Killed a hellwing
   547 | D        | Received a gift from Trog
   548 | D        | Killed a dream sheep
   556 | D        | Killed Terence
   656 | D        | Found a hide-covered altar of Uskayaw.
   656 | D        | Found an ancient bone altar of Kikubaaqudgha.
   656 | D        | Found a broken altar of Ashenzari.
   682 | D        | Noticed a gargoyle
   688 | D        | Killed a gargoyle
   689 | D        | Reached skill level 1 in Stealth
   689 | D        | Reached XP level 9. HP: 86/86 MP: 8/8
   689 | D        | Noticed a demonic crawler
   702 | D        | Killed a demonic crawler
   702 | D        | Reached ****** piety under Trog
   889 | D        | Noticed Joseph
   889 | D        | Noticed a rust devil
   889 | D        | Noticed an orc knight
   889 | D        | Noticed a black mamba
   898 | D        | Killed a black mamba
   908 | D        | Killed an orc knight
   914 | D        | Killed a rust devil
   914 | D        | Received a gift from Trog
   925 | D        | HP: 1/89 [Joseph/+0 quarterstaff (4)]
   926 | D        | Mangled by Joseph

Illustrated notes

Levels and vault maps discovered:
D:        pitsprint [storerooms_1, entrance_room_1, metal_vault_3, armoury_1,
          mini_pit_1, grid_room_1, main_hall_1, silver_pit, the_coven_2,
          the_vestibule_1, steel_vault_3, golden_pit, hallway_of_sentries,
          crystal_vault_2, iron_vault_5, final_vault]

Skill      XL: |  1  2  3  4  5  6  7  8  9 |
---------------+----------------------------+-----
Fighting       | 5 7 8 9 10 11 | 11.5
Axes           | 3 5 7 9 11 13 14 | 14.8
Armour         | 5 7 9 10 11 12 13 | 13.1
Shields        | 5 6 8 9 11 12 14 | 14.1
Dodging        | 1 2 3 4 |  4.1
Stealth        | 1 |  1.6

Action                   |  1- 3 |  4- 6 |  7- 9 || total
-------------------------+-------+-------+-------++-------
Melee: Hand axe          |    14 |    41 |    43 ||    98
       War axe           |     2 |       |    41 ||    43
       Headbutt          |     1 |     7 |    18 ||    26
Invok: Berserk           |     1 |     1 |     3 ||     5
Armor: Scale mail        |     7 |       |       ||     7
       Plate armour      |       |    16 |    24 ||    40
       Chain mail        |       |       |    15 ||    15
Dodge: Dodged            |     2 |     9 |    21 ||    32
Block: Kite shield       |     8 |    18 |    48 ||    74

Table legend: (Time is in decaauts)
 A = Elapsed time spent in this place.
 B = Non-inter-level travel time spent in this place.
 C = Inter-level travel time spent in this place.
 D = Time resting spent in this place.
 E = Time spent auto-exploring this place.
 F = Levels seen in this place.
 G = Mean time per level.
                   A        B        C        D        E       F      G
               +--------+--------+--------+--------+--------+-----+--------+
         Total |    952 |    952 |      0 |    485 |    102 |   1 |  952.0 |
       Dungeon |    952 |    952 |      0 |    485 |    102 |   1 |  952.0 |
               +--------+--------+--------+--------+--------+-----+--------+

Top non-repeatable levels by time:
       D: 952 daAuts
